TOP OF THE 1ST |
Chicago Cubs batting - Pitching for St. Louis Cardinals : RHP Marcos Molina
|
Pitching: RHP Marcos Molina
|
|
Batting: SHB Yoan Moncada
|
0-0: Ball 1-0: Swinging Strike 1-1: Called Strike 1-2: Strikes out swinging
|
Batting: RHB Paul DeJong
|
0-0: Called Strike 0-1: Ball 1-1: Ball 2-1: Foul Ball, location: 2F 2-2: SINGLE (Groundball, 56) (infield hit)
|
Batting: LHB Cody Bellinger
|
0-0: Called Strike 0-1: Called Strike 0-2: Ball 1-2: Foul Ball, location: 2F 1-2: Foul Ball, location: 2F 1-2: Ball 2-2: Foul Ball, location: 2F 2-2: Foul Ball, location: 2F 2-2: Foul Ball, location: 2F 2-2: Foul Ball, location: 2F 2-2: Ball 3-2: Foul Ball, location: 2F 3-2: SINGLE (Line Drive, 4MD) Paul DeJong to second
|
Batting: RHB Justin Upton
|
0-0: Called Strike 0-1: Called Strike 0-2: Ball 1-2: Fly out, F9 (Flyball, 9LMF) Runner from 2nd tags up, SAFE at 3rd, no throw by RF
|
Batting: RHB Willson Contreras
|
0-0: Ball 1-0: Ball 2-0: Swinging Strike 2-1: Foul Ball, location: 2F 2-2: Ball 3-2: Strikes out swinging
|
Top of the 1st over - 0 runs, 2 hits, 0 errors, 2 left on base; Chicago 0 - St. Louis 0 |
BOTTOM OF THE 1ST |
St. Louis Cardinals batting - Pitching for Chicago Cubs : RHP Andrew Cashner
|
Pitching: RHP Andrew Cashner
|
|
Batting: SHB Ozzie Albies
|
0-0: Ball 1-0: Bunt for hit to 3S - play at first, batter safe!
|
Batting: RHB Alex Bregman
|
0-0: Ball 1-0: Fly out, F9 (Line Drive, 9)
|
Batting: RHB Jose Alberto Martinez
|
0-0: Foul Ball, location: 2F 0-1: Ball 1-1: Swinging Strike 1-2: Fly out, F7 (Flyball, 7LM)
|
Batting: LHB Alex Avila
|
Pickoff Throw to First - Error! E1 Ozzie Albies to second 0-0: Called Strike 0-1: Called Strike 0-2: Ball 1-2: Foul Ball, location: 2F 1-2: Ball 2-2: TRIPLE (Line Drive, 89XD) Ozzie Albies scores
|
Batting: RHB Harrison Bader
|
0-0: Ball 1-0: Ball 2-0: Swinging Strike 2-1: Called Strike 2-2: Foul Ball, location: 2F 2-2: Ball 3-2: Foul Ball, location: 2F 3-2: Foul Ball, location: 2F 3-2: Foul Ball, location: 2F 3-2: Fly out, F9 (Line Drive, 9)
|
Bottom of the 1st over - 1 run, 2 hits, 1 error, 1 left on base; Chicago 0 - St. Louis 1 |
TOP OF THE 2ND |
Chicago Cubs batting - Pitching for St. Louis Cardinals : RHP Marcos Molina
|
Batting: RHB Stephen Piscotty
|
0-0: Ball 1-0: Ground out 6-3 (Groundball, 6)
|
Batting: RHB Jedd Gyorko
|
0-0: Fly out, F8 (Line Drive, 8LM)
|
Batting: RHB Michael A. Taylor
|
0-0: Foul Ball, location: 2F 0-1: Foul Ball, location: 2F 0-2: Ball 1-2: SINGLE (Groundball, 56D)
|
Batting: RHB Andrew Cashner
|
0-0: Ball 1-0: Swinging Strike 1-1: Called Strike 1-2: Foul Ball, location: 2F 1-2: Strikes out swinging
|
Top of the 2nd over - 0 runs, 1 hit, 0 errors, 1 left on base; Chicago 0 - St. Louis 1 |
BOTTOM OF THE 2ND |
St. Louis Cardinals batting - Pitching for Chicago Cubs : RHP Andrew Cashner
|
Batting: LHB Brett Phillips
|
0-0: Called Strike 0-1: Bunt for hit to 25 - play at first, batter OUT! 5-3
|
Batting: SHB Eduardo Escobar
|
0-0: Swinging Strike 0-1: Ball 1-1: Ground out 6-3 (Groundball, 6)
|
Batting: RHB Adeiny Hechavarria
|
0-0: Ball 1-0: Ball 2-0: Foul Ball, location: 2F 2-1: Foul Ball, location: 2F 2-2: Foul Ball, location: 2F 2-2: Ground out 1-3 (Groundball, 13S)
|
Bottom of the 2nd over - 0 runs, 0 hits, 0 errors, 0 left on base; Chicago 0 - St. Louis 1 |
TOP OF THE 3RD |
Chicago Cubs batting - Pitching for St. Louis Cardinals : RHP Marcos Molina
|
Batting: SHB Yoan Moncada
|
0-0: Called Strike 0-1: Ball 1-1: Ball 2-1: Foul Ball, location: 2F 2-2: Ball 3-2: Strikes out swinging
|
Batting: RHB Paul DeJong
|
0-0: Called Strike 0-1: Ball 1-1: Fly out, F7 (Flyball, 7LDF)
|
Batting: LHB Cody Bellinger
|
0-0: Foul Ball, location: 2F 0-1: Ball 1-1: Ball 2-1: Called Strike 2-2: Foul Ball, location: 2F 2-2: Foul Ball, location: 2F 2-2: Strikes out swinging
|
Top of the 3rd over - 0 runs, 0 hits, 0 errors, 0 left on base; Chicago 0 - St. Louis 1 |
BOTTOM OF THE 3RD |
St. Louis Cardinals batting - Pitching for Chicago Cubs : RHP Andrew Cashner
|
Batting: RHB Marcos Molina
|
0-0: Ground out 5-3 (Groundball, 56)
|
Batting: SHB Ozzie Albies
|
0-0: Called Strike 0-1: Ball 1-1: Ground out 5-3 (Groundball, 5)
|
Batting: RHB Alex Bregman
|
0-0: Called Strike 0-1: Foul Ball, location: 2F 0-2: Strikes out swinging
|
Bottom of the 3rd over - 0 runs, 0 hits, 0 errors, 0 left on base; Chicago 0 - St. Louis 1 |
TOP OF THE 4TH |
Chicago Cubs batting - Pitching for St. Louis Cardinals : RHP Marcos Molina
|
Batting: RHB Justin Upton
|
0-0: Swinging Strike 0-1: Foul Ball, location: 2F 0-2: Ball 1-2: Ball 2-2: DOUBLE (Groundball, 5L)
|
Batting: RHB Willson Contreras
|
0-0: Ball 1-0: Ground out 6-3 (Groundball, 6)
|
Batting: RHB Stephen Piscotty
|
0-0: Called Strike 0-1: Foul Ball, location: 2F 0-2: Ball 1-2: Ball 2-2: Foul Ball, location: 2F 2-2: Ball 3-2: Reached on error, E4 (Groundball, 4) Justin Upton scores
|
Batting: RHB Jedd Gyorko
|
0-0: DOUBLE (Line Drive, 7LM) Stephen Piscotty scores
|
Batting: RHB Michael A. Taylor
|
0-0: Called Strike 0-1: Ground out 6-3 (Groundball, 6MD) Jedd Gyorko to third
|
Batting: RHB Andrew Cashner
|
0-0: Called Strike 0-1: Foul Ball, location: 2F Error on foul ball, E2 0-2: Strikes out swinging
|
Top of the 4th over - 2 runs, 2 hits, 2 errors, 1 left on base; Chicago 2 - St. Louis 1 |
BOTTOM OF THE 4TH |
St. Louis Cardinals batting - Pitching for Chicago Cubs : RHP Andrew Cashner
|
Batting: RHB Jose Alberto Martinez
|
0-0: Ball 1-0: Ball 2-0: Called Strike 2-1: SOLO HOME RUN (Flyball, 89XD), Distance : 380 ft
|
Batting: LHB Alex Avila
|
0-0: Ball 1-0: Ball 2-0: Called Strike 2-1: Swinging Strike 2-2: Fly out, F9 (Flyball, 9)
|
Batting: RHB Harrison Bader
|
0-0: Ball 1-0: Ball 2-0: Called Strike 2-1: SINGLE (Line Drive, 89M)
|
Batting: LHB Brett Phillips
|
0-0: Ball 1-0: Swinging Strike 1-1: Called Strike 1-2: Ball 2-2: Ball 3-2: SINGLE (Groundball, 56D) Harrison Bader to second
|
Batting: SHB Eduardo Escobar
|
0-0: Ball 1-0: Ball 2-0: Foul Ball, location: 2F 2-1: Fly out, F9 (Flyball, 9LDF) Runner from 2nd tags up, SAFE at 3rd, no throw by RF
|
Batting: RHB Adeiny Hechavarria
|
0-0: Ball Pickoff Throw to First - Out! 1-3
|
Bottom of the 4th over - 1 run, 3 hits, 0 errors, 1 left on base; Chicago 2 - St. Louis 2 |
TOP OF THE 5TH |
Chicago Cubs batting - Pitching for St. Louis Cardinals : RHP Marcos Molina
|
Pitching: RHP Zac Reininger
|
|
Batting: SHB Yoan Moncada
|
0-0: Fly out, F8 (Flyball, 8RM)
|
Batting: RHB Paul DeJong
|
0-0: Ball 1-0: Fly out, F2 (Popup, 5SF)
|
Batting: LHB Cody Bellinger
|
0-0: Ball 1-0: Ball 2-0: Ball 3-0: Base on Balls
|
Batting: RHB Justin Upton
|
0-0: Ball 1-0: Foul Ball, location: 2F 1-1: Ball 2-1: Fielders Choice at 2nd, 6-4 (Groundball, 56)
|
Top of the 5th over - 0 runs, 0 hits, 0 errors, 1 left on base; Chicago 2 - St. Louis 2 |
BOTTOM OF THE 5TH |
St. Louis Cardinals batting - Pitching for Chicago Cubs : RHP Andrew Cashner
|
Batting: RHB Adeiny Hechavarria
|
0-0: Ball 1-0: Ball 2-0: Ball 3-0: Called Strike 3-1: Ground out 4-3 (Groundball, 4)
|
Batting: SHB Zac Reininger
|
0-0: Swinging Strike 0-1: Swinging Strike 0-2: SINGLE (Line Drive, 4D)
|
Batting: SHB Ozzie Albies
|
0-0: Ball 1-0: Foul Ball, location: 2F 1-1: Foul Ball, location: 2F 1-2: Strikes out looking
|
Batting: RHB Alex Bregman
|
0-0: Ball 1-0: Ball 2-0: Fielders Choice at 2nd, 6-4 (Groundball, 6)
|
Bottom of the 5th over - 0 runs, 1 hit, 0 errors, 1 left on base; Chicago 2 - St. Louis 2 |
TOP OF THE 6TH |
Chicago Cubs batting - Pitching for St. Louis Cardinals : RHP Zac Reininger
|
Batting: RHB Willson Contreras
|
0-0: SINGLE (Line Drive, 8RS)
|
Batting: RHB Stephen Piscotty
|
0-0: Grounds into double play, 4-6-3 (Groundball, 4S)
|
Batting: RHB Jedd Gyorko
|
0-0: Ball 1-0: Foul Ball, location: 2F 1-1: Ball 2-1: SINGLE (Line Drive, 4MD)
|
Batting: RHB Michael A. Taylor
|
0-0: Ball 1-0: Ball 2-0: Swinging Strike 2-1: Called Strike 2-2: Strikes out looking
|
Top of the 6th over - 0 runs, 2 hits, 0 errors, 1 left on base; Chicago 2 - St. Louis 2 |
BOTTOM OF THE 6TH |
St. Louis Cardinals batting - Pitching for Chicago Cubs : RHP Andrew Cashner
|
Pitching: LHP Marc Rzepczynski
|
|
Now in CF: Rajai Davis
|
|
Batting: RHB Jose Alberto Martinez
|
0-0: Reached on error, E4 (Groundball, 34)
|
Batting: LHB Alex Avila
|
0-0: Ball 1-0: Ball 2-0: Foul Ball, location: 2F 2-1: SINGLE (Groundball, 2L) (infield hit) Jose Alberto Martinez to second
|
Batting: RHB Harrison Bader
|
0-0: Fielders Choice at 2nd, 3-6 (Groundball, 34) Jose Alberto Martinez to third
|
Batting: LHB Brett Phillips
|
0-0: Called Strike 0-1: Called Strike 0-2: Ball 1-2: Foul Ball, location: 2F 1-2: Strikes out looking
|
Batting: SHB Eduardo Escobar
|
0-0: Foul Ball, location: 2F 0-1: Ball 1-1: Ball 2-1: Foul Ball, location: 2F 2-2: Strikes out swinging
|
Bottom of the 6th over - 0 runs, 1 hit, 1 error, 2 left on base; Chicago 2 - St. Louis 2 |
TOP OF THE 7TH |
Chicago Cubs batting - Pitching for St. Louis Cardinals : RHP Zac Reininger
|
Pitching: RHP Cory Gearrin
|
|
Batting: RHB Rajai Davis
|
0-0: Ball 1-0: SINGLE (Groundball, 6MD)
|
Batting: SHB Yoan Moncada
|
0-0: Ball Rajai Davis is caught stealing 2nd base 2-6 1-0: Called Strike 1-1: Ball 2-1: SINGLE (Groundball, 4MD)
|
Batting: RHB Paul DeJong
|
0-0: Ball Wild Pitch! Yoan Moncada to second 1-0: Ball 2-0: Called Strike 2-1: Foul Ball, location: 2F 2-2: SINGLE (Groundball, 4MD) Yoan Moncada to third Runner from 3rd tries for Home, SAFE, no throw by CF
|
Pitching: RHP Zack Littell
|
|
Batting: LHB Cody Bellinger
|
0-0: Called Strike 0-1: Foul Ball, location: 2F 0-2: Ball 1-2: Ball 2-2: SINGLE (Flyball, 89M) Paul DeJong to second
|
Batting: RHB Justin Upton
|
0-0: Called Strike 0-1: Ball 1-1: Ball 2-1: Fielders Choice at 2nd, 6-4 (Groundball, 6) Paul DeJong to third
|
Batting: RHB Willson Contreras
|
0-0: Ball 1-0: Ball 2-0: Called Strike 2-1: Fielders Choice at 2nd, 6-4 (Groundball, 56D)
|
Top of the 7th over - 1 run, 4 hits, 0 errors, 2 left on base; Chicago 3 - St. Louis 2 |
BOTTOM OF THE 7TH |
St. Louis Cardinals batting - Pitching for Chicago Cubs : LHP Marc Rzepczynski
|
Pitching: RHP Carter Capps
|
|
Batting: RHB Adeiny Hechavarria
|
0-0: SINGLE (Flyball, 78M)
|
Pinch Hitting: RHB Hernan Perez
|
0-0: Ball 1-0: Ball 2-0: Ball 3-0: Base on Balls Adeiny Hechavarria to second
|
Batting: SHB Ozzie Albies
|
0-0: Ball 1-0: Called Strike 1-1: Ball 2-1: Foul Ball, location: 2F 2-2: Strikes out swinging
|
Batting: RHB Alex Bregman
|
0-0: Foul Ball, location: 2F 0-1: Foul Ball, location: 2F 0-2: Foul Ball, location: 2F 0-2: Ball 1-2: Ground out 5-3 (Groundball, 56) Adeiny Hechavarria to third Hernan Perez to second
|
Batting: RHB Jose Alberto Martinez
|
0-0: Ball 1-0: Ball 2-0: Called Strike 2-1: Foul Ball, location: 2F 2-2: Ground out 5-3 (Groundball, 5S)
|
Bottom of the 7th over - 0 runs, 1 hit, 0 errors, 2 left on base; Chicago 3 - St. Louis 2 |
TOP OF THE 8TH |
Chicago Cubs batting - Pitching for St. Louis Cardinals : RHP Zack Littell
|
Pitching: RHP Fernando Rodney
|
|
Batting: RHB Stephen Piscotty
|
0-0: Ball 1-0: Foul Ball, location: 2F 1-1: Ball 2-1: Foul Ball, location: 2F 2-2: Ball 3-2: Base on Balls
|
Batting: RHB Jedd Gyorko
|
0-0: Swinging Strike 0-1: Foul Ball, location: 2F 0-2: Foul Ball, location: 2F 0-2: Foul Ball, location: 2F 0-2: Ball 1-2: Foul Ball, location: 2F 1-2: Strikes out swinging
|
Pinch Hitting: LHB Jason Castro
|
0-0: Ball Wild Pitch! Stephen Piscotty to second 1-0: Intentional Walk
|
Batting: RHB Rajai Davis
|
0-0: Called Strike 0-1: Fielders Choice at 2nd, 1-6 (Groundball, 13S) Stephen Piscotty to third
|
Batting: SHB Yoan Moncada
|
0-0: Ball 1-0: Fly out, F9 (Flyball, 9S)
|
Top of the 8th over - 0 runs, 0 hits, 0 errors, 2 left on base; Chicago 3 - St. Louis 2 |
BOTTOM OF THE 8TH |
St. Louis Cardinals batting - Pitching for Chicago Cubs : RHP Carter Capps
|
Pitching: LHP Tony Cingrani
|
|
Batting: LHB Alex Avila
|
0-0: Ball 1-0: Ball 2-0: Called Strike 2-1: Foul Ball, location: 2F 2-2: Strikes out looking
|
Batting: RHB Harrison Bader
|
0-0: Ball 1-0: Fly out, F8 (Flyball, 8RS)
|
Batting: LHB Brett Phillips
|
0-0: Called Strike 0-1: Ball 1-1: Ball 2-1: Ground out 6-3 (Groundball, 6)
|
Bottom of the 8th over - 0 runs, 0 hits, 0 errors, 0 left on base; Chicago 3 - St. Louis 2 |
TOP OF THE 9TH |
Chicago Cubs batting - Pitching for St. Louis Cardinals : RHP Fernando Rodney
|
Pitching: RHP Brad Ziegler
|
|
Batting: RHB Paul DeJong
|
0-0: Called Strike 0-1: Swinging Strike 0-2: Ball 1-2: Fly out, F9 (Flyball, 89S)
|
Batting: LHB Cody Bellinger
|
0-0: Foul Ball, location: 2F 0-1: Foul Ball, location: 2F 0-2: SINGLE (Groundball, 34D)
|
Batting: RHB Justin Upton
|
0-0: Foul Ball, location: 2F 0-1: Ball 1-1: Ball 2-1: Grounds into double play, 4-6-3 (Groundball, 4)
|
Top of the 9th over - 0 runs, 1 hit, 0 errors, 0 left on base; Chicago 3 - St. Louis 2 |
BOTTOM OF THE 9TH |
St. Louis Cardinals batting - Pitching for Chicago Cubs : LHP Tony Cingrani
|
Pitching: RHP Roberto Osuna
|
|
Now at 2B: Carlos Asuaje
|
|
Batting: SHB Eduardo Escobar
|
0-0: Ball 1-0: Called Strike 1-1: Ball 2-1: Foul Ball, location: 2F 2-2: Strikes out swinging
|
Batting: RHB Adeiny Hechavarria
|
0-0: Called Strike 0-1: Foul Ball, location: 2F 0-2: Ground out 6-3 (Groundball, 6M)
|
Pinch Hitting: RHB Yan Gomes
|
0-0: Ball 1-0: Swinging Strike 1-1: Foul Ball, location: 2F 1-2: Foul Ball, location: 2F 1-2: Ball 2-2: Strikes out swinging
|
Bottom of the 9th over - 0 runs, 0 hits, 0 errors, 0 left on base; Chicago 3 - St. Louis 2 |
|